IL
RENO ACES @ MEMPHIS REDBIRDS
10/10/2047
 
TOP OF THE 1ST
Mississippi State University Bulldogs batting - Pitching for Coastal Carolina University Chanticleers : RHP Rich Wray
Pitching: RHP Rich Wray
Batting: LHB Adrian Navarro 0-0: Ball
1-0: Called Strike
1-1: Called Strike
1-2: Strikes out swinging
Batting: RHB Justin Young 0-0: Ball
1-0: Foul Ball, location: 2F
1-1: Ball
2-1: Foul Ball, location: 2F
2-2: Ball
3-2: Strikes out swinging
Batting: RHB Jason Rhodes 0-0: Called Strike
0-1: Swinging Strike
0-2: Ball
1-2: Ball
2-2: Foul Ball, location: 2F
2-2: Strikes out swinging
Top of the 1st over - 0 runs, 0 hits, 0 errors, 0 left on base; Mississippi State University 0 - Coastal Carolina University 0
BOTTOM OF THE 1ST
Coastal Carolina University Chanticleers batting - Pitching for Mississippi State University Bulldogs : RHP Ricky Mendoza
Pitching: RHP Ricky Mendoza
Batting: RHB Milutin Kraljevic 0-0: Foul Ball, location: 2F
0-1: Called Strike
0-2: Ball
1-2: SINGLE (Groundball, 34, EV 93.8 MPH)
Batting: LHB Burt Caffyn 0-0: Ball
1-0: SINGLE (Line Drive, 8RS, EV 103.1 MPH)
Milutin Kraljevic to second
Batting: LHB Brad Duncan 0-0: Ball
1-0: Fly out, F8 (Line Drive, 8LD, EV 93.1 MPH)
Batting: RHB Aaron DeZeeuw 0-0: Ball
1-0: Fly out, F8 (Flyball, 8RD, EV 91.2 MPH)
Runner from 2nd tags up, SAFE at 3rd with throw by CF
Batting: RHB Bradley King 0-0: Ball
1-0: Called Strike
1-1: Fly out, F8 (Flyball, 78XD, EV 91.9 MPH)
Bottom of the 1st over - 0 runs, 2 hits, 0 errors, 2 left on base; Mississippi State University 0 - Coastal Carolina University 0
TOP OF THE 2ND
Mississippi State University Bulldogs batting - Pitching for Coastal Carolina University Chanticleers : RHP Rich Wray
Batting: RHB Jamie Broadhurst 0-0: Foul Ball, location: 2F
0-1: Ball
1-1: Ball
2-1: Foul Ball, location: 2F
2-2: Foul Ball, location: 2F
2-2: Strikes out swinging
Batting: RHB Josh Stene 0-0: Ground out 4-3 (Groundball, 4, EV 88.8 MPH)
Batting: RHB Alexis Gallegos 0-0: Swinging Strike
0-1: Ball
1-1: Foul Ball, location: 2F
1-2: Strikes out swinging
Top of the 2nd over - 0 runs, 0 hits, 0 errors, 0 left on base; Mississippi State University 0 - Coastal Carolina University 0
BOTTOM OF THE 2ND
Coastal Carolina University Chanticleers batting - Pitching for Mississippi State University Bulldogs : RHP Ricky Mendoza
Batting: RHB Greg Bennett 0-0: Called Strike
0-1: Called Strike
0-2: Strikes out swinging
Batting: SHB Nestor Sandoval 0-0: Swinging Strike
0-1: Ball
1-1: Ball
2-1: Swinging Strike
2-2: Ball
3-2: SINGLE (Flyball, 56D, EV 92.5 MPH)
Batting: RHB Chien Ly 0-0: SINGLE (Groundball, 6M, EV 111.9 MPH)
Nestor Sandoval to second
Batting: RHB John Granter 0-0: Called Strike
0-1: Ball
1-1: Fielders Choice at 2nd, 6-4 (Groundball, 6, EV 100.6 MPH)
Nestor Sandoval to third
Batting: RHB Milutin Kraljevic 0-0: Ball
1-0: Fly out, F7 (Flyball, 7D, EV 101.2 MPH)
Bottom of the 2nd over - 0 runs, 2 hits, 0 errors, 2 left on base; Mississippi State University 0 - Coastal Carolina University 0
TOP OF THE 3RD
Mississippi State University Bulldogs batting - Pitching for Coastal Carolina University Chanticleers : RHP Rich Wray
Batting: LHB Vinnie Kalman 0-0: Ball
1-0: Fly out, F9 (Flyball, 9, EV 90.6 MPH)
Batting: LHB Dave Cook 0-0: Ball
1-0: Foul Ball, location: 2F
1-1: Called Strike
1-2: Fly out, F8 (Line Drive, 8RM, EV 85.0 MPH)
Batting: LHB Ricardo Ramos 0-0: Ball
1-0: Foul Ball, location: 2F
1-1: Ball
2-1: Swinging Strike
2-2: Strikes out swinging
Top of the 3rd over - 0 runs, 0 hits, 0 errors, 0 left on base; Mississippi State University 0 - Coastal Carolina University 0
BOTTOM OF THE 3RD
Coastal Carolina University Chanticleers batting - Pitching for Mississippi State University Bulldogs : RHP Ricky Mendoza
Batting: LHB Burt Caffyn 0-0: Ball
1-0: Ball
2-0: Called Strike
2-1: Foul Ball, location: 2F
2-2: Foul Ball, location: 2F
2-2: Foul Ball, location: 2F
2-2: Ball
3-2: Ground out 4-3 (Groundball, 34, EV 85.0 MPH)
Batting: LHB Brad Duncan 0-0: Ball
1-0: Foul Ball, location: 2F
1-1: Ball
2-1: Called Strike
2-2: Foul Ball, location: 2F
2-2: Ball
3-2: Fly out, F9 (Flyball, 89S, EV 82.5 MPH)
Batting: RHB Aaron DeZeeuw 0-0: Called Strike
0-1: Ground out 5-3 (Groundball, 5, EV 88.1 MPH)
Bottom of the 3rd over - 0 runs, 0 hits, 0 errors, 0 left on base; Mississippi State University 0 - Coastal Carolina University 0
TOP OF THE 4TH
Mississippi State University Bulldogs batting - Pitching for Coastal Carolina University Chanticleers : RHP Rich Wray
Batting: LHB Adrian Navarro 0-0: Ball
1-0: Foul Ball, location: 2F
1-1: Fly out, F8 (Flyball, 8RD, EV 95.0 MPH)
Batting: RHB Justin Young 0-0: Ball
1-0: SINGLE (Flyball, 5D, EV 92.5 MPH)
Batting: RHB Jason Rhodes 0-0: Called Strike
0-1: Fly out, F7 (Flyball, 7, EV 88.8 MPH)
Batting: RHB Jamie Broadhurst 0-0: Ball
1-0: Single, Error in OF, E9, batter to second base (Groundball, 34D, EV 100.6 MPH)
Justin Young to third
Batting: RHB Josh Stene 0-0: Called Strike
0-1: Swinging Strike
0-2: Ball
1-2: Ball
2-2: Strikes out swinging
Top of the 4th over - 0 runs, 2 hits, 1 error, 2 left on base; Mississippi State University 0 - Coastal Carolina University 0
BOTTOM OF THE 4TH
Coastal Carolina University Chanticleers batting - Pitching for Mississippi State University Bulldogs : RHP Ricky Mendoza
Batting: RHB Bradley King 0-0: Called Strike
0-1: Foul Ball, location: 2F
0-2: Ball
1-2: Ground out 6-3 (Groundball, 6, EV 105.6 MPH)
Batting: RHB Greg Bennett 0-0: Foul Ball, location: 2F
0-1: Foul Ball, location: 2F
0-2: Ball
1-2: Foul Ball, location: 2F
1-2: Ball
2-2: Ground out 5-3 (Groundball, 56S, EV 72.5 MPH)
Batting: SHB Nestor Sandoval 0-0: Ball
1-0: Ball
2-0: Called Strike
2-1: Ground out 3-1 (Groundball, 34, EV 103.8 MPH)
Bottom of the 4th over - 0 runs, 0 hits, 0 errors, 0 left on base; Mississippi State University 0 - Coastal Carolina University 0
TOP OF THE 5TH
Mississippi State University Bulldogs batting - Pitching for Coastal Carolina University Chanticleers : RHP Rich Wray
Now at 2B: Darren Allan
Now at 3B: William Potter
Now at SS: Milutin Kraljevic
Batting: RHB Alexis Gallegos 0-0: Foul Ball, location: 2F
0-1: Ground out 4-3 (Groundball, 4, EV 107.5 MPH)
Batting: LHB Vinnie Kalman 0-0: Ball
1-0: SINGLE (Line Drive, 89S, EV 95.0 MPH)
Batting: LHB Dave Cook 0-0: Called Strike
0-1: Swinging Strike
0-2: Ball
1-2: Foul Ball, location: 2F
1-2: Ball
Wild Pitch!
Vinnie Kalman to second
2-2: Foul Ball, location: 2F
2-2: Ball
3-2: Foul Ball, location: 2F
3-2: Strikes out swinging
Batting: LHB Ricardo Ramos 0-0: Ball
1-0: Ball
2-0: Ball
3-0: Base on Balls
Pinch Hitting: LHB Ewan Cole 0-0: Ball
1-0: Ground out 5-3 (Groundball, 25, EV 84.4 MPH)
Top of the 5th over - 0 runs, 1 hit, 0 errors, 2 left on base; Mississippi State University 0 - Coastal Carolina University 0
BOTTOM OF THE 5TH
Coastal Carolina University Chanticleers batting - Pitching for Mississippi State University Bulldogs : RHP Ricky Mendoza
Now at 1B: Benjamin Alderdice
Now in RF: Ewan Cole
Batting: RHB Chien Ly 0-0: Ball
1-0: Ground out 5-3 (Groundball, 56, EV 105.0 MPH)
Batting: RHB John Granter 0-0: Ball
1-0: Ball
2-0: Ball
3-0: Base on Balls
Batting: RHB Milutin Kraljevic 0-0: Called Strike
0-1: Ball
1-1: Ball
2-1: Foul Ball, location: 2F
2-2: Foul Ball, location: 2F
2-2: Ball
3-2: Base on Balls
John Granter to second
Pinch Hitting: RHB Mike Mallory 0-0: Called Strike
0-1: Ball
1-1: Ball
2-1: Ground out 5-3 (Groundball, 56, EV 85.0 MPH)
John Granter to third
Milutin Kraljevic to second
Batting: RHB Darren Allan 0-0: Ball
Wild Pitch!
John Granter scores
Milutin Kraljevic to third
1-0: Called Strike
1-1: Foul Ball, location: 2F
1-2: Strikes out swinging
Bottom of the 5th over - 1 run, 0 hits, 0 errors, 1 left on base; Mississippi State University 0 - Coastal Carolina University 1
TOP OF THE 6TH
Mississippi State University Bulldogs batting - Pitching for Coastal Carolina University Chanticleers : RHP Rich Wray
Pitching: RHP Harvey Newberry
Now in RF: Mike Mallory
Batting: RHB Justin Young 0-0: Called Strike
0-1: Ball
1-1: Ball
2-1: Ball
3-1: Base on Balls
Pinch Hitting: RHB Ippei Ishida 0-0: Called Strike
0-1: Swinging Strike
0-2: Ball
1-2: Ball
2-2: Ball
3-2: Strikes out swinging
Batting: RHB Benjamin Alderdice 0-0: Called Strike
0-1: Ball
1-1: Ball
2-1: Foul Ball, location: 2F
2-2: Strikes out looking
Batting: RHB Josh Stene 0-0: Ground out 4-3 (Groundball, 4, EV 98.1 MPH)
Top of the 6th over - 0 runs, 0 hits, 0 errors, 1 left on base; Mississippi State University 0 - Coastal Carolina University 1
BOTTOM OF THE 6TH
Coastal Carolina University Chanticleers batting - Pitching for Mississippi State University Bulldogs : RHP Ricky Mendoza
Now at C: Chris Everett
Now at 2B: Ippei Ishida
Now at SS: Alexis Gallegos
Batting: SHB William Potter 0-0: Called Strike
0-1: Ground out 5-3 (Groundball, 6, EV 81.2 MPH)
Pinch Hitting: LHB Matt McGinley 0-0: Called Strike
0-1: Ball
1-1: Ball
2-1: Swinging Strike
2-2: Ball
3-2: Foul Ball, location: 2F
3-2: Foul Ball, location: 2F
3-2: Strikes out looking
Batting: RHB Mike Howard 0-0: Ball
1-0: Called Strike
1-1: Called Strike
1-2: Ball
2-2: Ground out 6-3 (Groundball, 6, EV 82.5 MPH)
Bottom of the 6th over - 0 runs, 0 hits, 0 errors, 0 left on base; Mississippi State University 0 - Coastal Carolina University 1
TOP OF THE 7TH
Mississippi State University Bulldogs batting - Pitching for Coastal Carolina University Chanticleers : RHP Harvey Newberry
Pitching: LHP Alex Miranda
Now at 1B: Matt McGinley
Batting: RHB Alexis Gallegos 0-0: Called Strike
0-1: Ball
1-1: Ball
2-1: Foul Ball, location: 2F
2-2: Foul Ball, location: 2F
2-2: Strikes out swinging
Pinch Hitting: LHB Danny Shanahan 0-0: Ball
1-0: Called Strike
1-1: Swinging Strike
1-2: SINGLE (Line Drive, 5D, EV 115.0 MPH)
Batting: RHB Alvin Abarca 0-0: Ball
1-0: SINGLE (Line Drive, 6MD, EV 99.4 MPH)
Danny Shanahan to second
Batting: LHB Ricardo Ramos 0-0: Called Strike
0-1: Called Strike
0-2: Foul Ball, location: 2F
0-2: Strikes out looking
Batting: LHB Ewan Cole 0-0: Called Strike
0-1: Foul Ball, location: 2F
0-2: Ball
1-2: Strikes out swinging
Top of the 7th over - 0 runs, 2 hits, 0 errors, 2 left on base; Mississippi State University 0 - Coastal Carolina University 1
BOTTOM OF THE 7TH
Coastal Carolina University Chanticleers batting - Pitching for Mississippi State University Bulldogs : RHP Ricky Mendoza
Now in LF: Danny Shanahan
Batting: SHB Nestor Sandoval 0-0: Called Strike
0-1: Called Strike
0-2: Ball
1-2: Strikes out looking
Batting: RHB Chien Ly 0-0: Foul Ball, location: 2F
0-1: Foul Ball, location: 2F
0-2: Ball
1-2: Ball
2-2: Ground out 4-3 (Groundball, 4S, EV 88.8 MPH)
Batting: RHB John Granter 0-0: Ball
1-0: Swinging Strike
1-1: Reached on error, E6 (Groundball, 6, EV 78.1 MPH)
Batting: RHB Milutin Kraljevic 0-0: Ball
1-0: Foul Ball, location: 2F
1-1: Ball
2-1: Ball
3-1: Called Strike
3-2: Foul Ball, location: 2F
3-2: Foul Ball, location: 2F
3-2: SINGLE (Groundball, 34D, EV 95.0 MPH)
John Granter to second
John Granter to third
Batting: RHB Mike Mallory 0-0: Foul Ball, location: 2F
0-1: Ball
1-1: Foul Ball, location: 2F
1-2: Foul Ball, location: 2F
1-2: Ball
2-2: Foul Ball, location: 2F
2-2: Ball
3-2: Base on Balls
Milutin Kraljevic to second
Batting: RHB Darren Allan 0-0: Called Strike
0-1: Ball
1-1: GRAND SLAM HOME RUN (Line Drive, 7LD, EV 97.5 MPH), Distance : 380 ft
Batting: SHB William Potter 0-0: Ball
1-0: Fly out, F8 (Line Drive, 8LM, EV 88.1 MPH)
Bottom of the 7th over - 4 runs, 2 hits, 1 error, 0 left on base; Mississippi State University 0 - Coastal Carolina University 5
TOP OF THE 8TH
Mississippi State University Bulldogs batting - Pitching for Coastal Carolina University Chanticleers : LHP Alex Miranda
Pitching: RHP Pete Swett
Batting: RHB Chris Everett 0-0: Ball
1-0: Ball
2-0: SINGLE (Groundball, 34D, EV 106.2 MPH)
Batting: RHB Ippei Ishida 0-0: Ball
1-0: Called Strike
1-1: Called Strike
1-2: Ball
2-2: Ball
Wild Pitch!
Chris Everett to second
3-2: Foul Ball, location: 2F
3-2: Ground out 1-3 (Groundball, 15S, EV 70.0 MPH)
Pinch Hitting: SHB Daisuke Yamamoto 0-0: Ball
1-0: Called Strike
1-1: Swinging Strike
1-2: Strikes out swinging
Batting: RHB Josh Stene 0-0: Foul Ball, location: 2F
0-1: Ball
1-1: Ground out 6-3 (Groundball, 6, EV 78.8 MPH)
Top of the 8th over - 0 runs, 1 hit, 0 errors, 1 left on base; Mississippi State University 0 - Coastal Carolina University 5
BOTTOM OF THE 8TH
Coastal Carolina University Chanticleers batting - Pitching for Mississippi State University Bulldogs : RHP Ricky Mendoza
Now at 1B: Daisuke Yamamoto
Batting: LHB Matt McGinley 0-0: Ball
1-0: Foul Ball, location: 2F
1-1: Ball
2-1: Ball
3-1: Swinging Strike
3-2: Fly out, F8 (Flyball, 8LD, EV 96.9 MPH)
Batting: RHB Mike Howard 0-0: Ball
1-0: DOUBLE (Flyball, 8RD, EV 106.9 MPH)
Batting: SHB Nestor Sandoval 0-0: Fly out, F7 (Flyball, 7, EV 96.2 MPH)
Batting: RHB Chien Ly 0-0: Ball
1-0: Called Strike
1-1: Ball
2-1: Foul Ball, location: 2F
2-2: Foul Ball, location: 2F
2-2: Strikes out swinging
Bottom of the 8th over - 0 runs, 1 hit, 0 errors, 1 left on base; Mississippi State University 0 - Coastal Carolina University 5
TOP OF THE 9TH
Mississippi State University Bulldogs batting - Pitching for Coastal Carolina University Chanticleers : RHP Pete Swett
Pitching: LHP Vic Hammer
Batting: RHB Alexis Gallegos 0-0: Ball
1-0: Ground out 4-3 (Groundball, 4, EV 88.8 MPH)
Batting: LHB Danny Shanahan 0-0: Ball
1-0: Ground out U3 (Groundball, 3, EV 91.9 MPH)
Batting: RHB Alvin Abarca 0-0: Ball
1-0: SINGLE (Groundball, 56D, EV 102.5 MPH)
Batting: LHB Ricardo Ramos 0-0: Fly out, F7 (Flyball, 7, EV 92.5 MPH)
Top of the 9th over - 0 runs, 1 hit, 0 errors, 1 left on base; Mississippi State University 0 - Coastal Carolina University 5
Thursday, December 15th , 2022 - OOTP Baseball 23.9 Build 102